 Dungeon Crawl Stone Soup version 0.13-a0-1536-gedae9ec (webtiles) character file.

199 Kae the Sneak (level 4, -10/21 HPs)
             Began as a Spriggan Enchanter on June 9, 2013.
             Mangled by an ogre
             ... wielding a +0,+0 great mace
              (14 damage)
             ... on Level 3 of the Dungeon.
             The game lasted 00:02:15 (2990 turns).

Kae the Sneak (Spriggan Enchanter)                  Turns: 2990, Time: 00:02:15

HP -10/21        AC  3     Str  5      XL: 4   Next: 72%
MP  10/13        EV 18     Int 16      God:
Gold 81          SH  0     Dex 16      Spells:  2 memorised,  6 levels left

Res.Fire  : . . .   See Invis. : +   a - +1 dagger {=f}
Res.Cold  : . . .   Warding    : .   b - +1 robe
Life Prot.: . . .   Conserve   : .   (shield restricted)
Res.Poison: .       Res.Corr.  : .   (helmet restricted)
Res.Elec. : .       Clarity    : .   (no cloak)
Sust.Abil.: . .     Spirit.Shd : .   (gloves unavailable)
Res.Mut.  : .       Stasis     : .   (boots unavailable)
Res.Rott. : .       Flight     : .   (no amulet)
Saprovore : . . .                    (no ring)
                                     (no ring)

@: very quick, slightly resistant to hostile enchantments, quite stealthy
A: unfitting armour, see invisible, herbivore 3, speed 3, slow metabolism 2
a: no special abilities


You were on level 3 of the Dungeon.
You were very hungry.

You visited 1 branch of the dungeon, and saw 3 of its levels.

You collected 61 gold pieces.

Inventory:

Hand weapons
 a - a +1,+1 dagger (weapon) {=f}
Missiles
 d - 12 darts (quivered)
Armour
 b - a +1 robe (worn)
Comestibles
 k - an apple
 s - 2 chokos
 w - a bread ration
Scrolls
 f - 5 scrolls of identify {unknown}
 g - 3 scrolls of enchant armour {unknown}
 h - 3 scrolls of remove curse {unknown}
 j - a scroll of amnesia {unknown}
 l - a scroll of noise {unknown}
 m - a scroll of fog {unknown}
 o - a scroll of random uselessness {unknown}
 p - a scroll of curse jewellery {unknown}
 t - a scroll of enchant weapon I {unknown}
 u - a scroll of magic mapping {unknown}
 x - a scroll of teleportation {unknown}
Potions
 e - a potion of porridge
 i - a potion of heal wounds {unknown}
 n - a potion of beneficial mutation {unknown}
 r - 2 potions of curing {unknown}
 v - a potion of might {unknown}
Books
 c - a book of Maledictions

   Spells                             Type                      Level
   *Corona                            Hexes                        1
   Sure Blade                         Hexes/Charms                 2
   *Ensorcelled Hibernation           Hexes/Ice                    2
   Confuse                            Hexes                        3
   Enslavement                        Hexes                        4
   Invisibility                       Hexes                        6
 q - a Necronomicon {highlevel}

   This book is beyond your current level of understanding.

   Spells                             Type                      Level
   Borgnjor's Revivification          Necromancy                   7
   Haunt                              Necromancy/Summoning         7
   Death's Door                       Charms/Necromancy            8
   Necromutation                      Transmutation/Necromancy     8


   Skills:
 + Level 2.6 Short Blades
 - Level 1.1 Throwing
 - Level 3.0 Dodging
 + Level 5.0 Stealth
 + Level 3.0 Spellcasting
 + Level 4.2 Hexes


You had 6 spell levels left.
You knew the following spells:

 Your Spells              Type           Power        Failure   Level  Hunger
a - Corona                Hex            ###....      3%          1    #......
b - Ensorcelled Hibernat  Hex/Ice        #.....       14%         2    ##.....


Dungeon Overview and Level Annotations

Branches:
Dungeon (3/27)

Altars:


Innate Abilities, Weirdness & Mutations

You are tiny and cannot use many weapons and most armour.
You have supernaturally acute eyesight.
You are a herbivore.
You cover ground extremely quickly.
You need consume almost no food.


Message History

x - a scroll labeled XAGANIC EGAMI
Casting: Ensorcelled Hibernation
Confirm with . or Enter, or press ? or * to list all spells.
Aiming: Corona
Press: ? - help, Shift-Dir - straight line, f/p - ogre
Aim: an ogre, wielding a great mace The ogre is outlined in light.
The ogre hits you with a great mace!
* * * LOW HITPOINT WARNING * * *
Casting: Corona
Confirm with . or Enter, or press ? or * to list all spells.
Aiming: Ensorcelled Hibernation
Press: ? - help, Shift-Dir - straight line, f/p - ogre
Aim: an ogre, wielding a great mace (softly glowing)
The ogre looks drowsy...
The helpless ogre fails to defend itself.
You impale the ogre!!
The ogre is almost dead.
The ogre hits you with a great mace!
Ouch! That really hurt!
You die...

..# #.##...##..# ##. ...
#.##...##..# #.. ####
#.##...##..#####.. #.
#.##...# .........
#.##.##...##.........
####.........##..#####.#
.................# #.#
...........######.# #.#
####.O@......# #.#
#.....###.##.#####.#
###...... ..........
###.#### #.####### #.# #
#.# #.####### #.#
#.....%.. #.# #########
. #


You could see an ogre.

Vanquished Creatures
  5 adders
  2 giant mites (D:2)
  A giant gecko (D:1)
  An ooze (D:1)
  A ball python (D:2)
  7 hobgoblins
  7 jackals (D:2)
  4 kobolds
  10 bats
  2 giant cockroaches
  9 goblins
  7 rats
56 creatures vanquished.

Notes
Turn   | Place    | Note
--------------------------------------------------------------
     0 | D:1      | Kae, the Spriggan Enchanter, began the quest for the Orb.
     0 | D:1      | Reached XP level 1. HP: 9/9 MP: 4/4
   126 | D:1      | Reached XP level 2. HP: 8/13 MP: 6/6
   155 | D:1      | Learned a level 2 spell: Ensorcelled Hibernation
  1154 | D:1      | Reached skill level 4 in Stealth
  1434 | D:2      | Reached XP level 3. HP: 16/16 MP: 9/9
  2215 | D:2      | Reached XP level 4. HP: 13/21 MP: 9/12
  2737 | D:3      | Reached skill level 5 in Stealth
  2869 | D:3      | Noticed an ogre
  2990 | D:3      | Mangled by an ogre

Action                   |  1- 3 |  4- 6 || total
-------------------------+-------+-------++-------
Melee: Dagger            |   161 |    66 ||   227
 Cast: Ensorcelled Hiber |     9 |     9 ||    18
       Corona            |       |     1 ||     1
 Stab: Sleeping          |    15 |     9 ||    24
